 Dungeon Crawl Stone Soup version 0.29.1-2-gbd0b4ee654 (webtiles) character file.

Game seed: 4520028687492692240

69 warriortoast the Conjurer (level 4, -4/24 HPs)
             Began as a Deep Elf Conjurer on Oct 25, 2022.
             Slain by Ijyb
             ... wielding a +4 club
              (5 damage)
             ... on level 3 of the Dungeon.
             The game lasted 00:03:21 (1688 turns).

warriortoast the Conjurer (Deep Elf Conjurer)       Turns: 1688, Time: 00:03:22

Health: -4/24      AC:  3    Str:  4    XL:     4   Next: 2%
Magic:  8/12       EV: 12    Int: 25    God:
Gold:   137        SH:  0    Dex: 13    Spells: 7/11 levels left

rFire   . . .      SeeInvis .   i - +1 dagger (venom)
rCold   . . .      Faith    .   (no shield)
rNeg    . . .      Spirit   .   a - +0 robe
rPois   .          Reflect  .   (no helmet)
rElec   .          Harm     .   (no cloak)
rCorr   .          Rampage  .   d - +0 pair of gloves
Will    .....                   (no boots)
Stlth   ++........              (no amulet)
HPRegen 0.08/turn               (no ring)
MPRegen 0.13/turn               (no ring)

@: no status effects
A: no striking features
a: no special abilities


You were on level 3 of the Dungeon.
You visited 1 branch of the dungeon, and saw 3 of its levels.

You collected 137 gold pieces.

Inventory:

Hand Weapons
 e - a +0 club
 i - a +1 dagger of venom (weapon)
Armour
 a - a +0 robe (worn)
 d - a +0 pair of gloves (worn)
Scrolls
 c - 3 scrolls of magic mapping {unknown}
 g - 5 scrolls of identify {unknown}
 h - a scroll of immolation {unknown}
 n - a scroll of blinking {unknown}
 o - a scroll of vulnerability {unknown}
Potions
 b - a potion of magic
 f - 2 potions of haste {unknown}
 j - 3 potions of invisibility {unknown}
 k - a potion of curing {unknown}
 l - 3 potions of heal wounds {unknown}
 m - a potion of might {unknown}


   Skills:
 - Level 2.4 Dodging
 - Level 2.4 Stealth
 + Level 4.4 Spellcasting
 + Level 5.2 Conjurations
 + Level 1.5 Hexes


You had 7 spell levels left.
You knew the following spells:

 Your Spells              Type           Power      Damage    Failure   Level
a - Magic Dart            Conj           100%       1d8       1%          1
b - Dazzling Flash        Conj/Hex       44%        N/A       6%          3

Your spell library contained the following spells:

 Spells                   Type           Power      Damage    Failure   Level
 Searing Ray              Conj           62%        2d6       1%          2
 Scorch                   Fire           10%        2d6       13%         2
 Fulminant Prism          Conj/Hex       11%        3d9       22%         4
 Flame Wave               Conj/Fire      18%        2d7       30%         4
 Iskenderun's Mystic Bla  Conj/Tloc      18%        2d6       30%         4
 Animate Dead             Necr           5%         N/A       65%         4
 Summon Cactus Giant      Summ           2%         N/A       100%        6
 Haunt                    Necr/Summ      2%         N/A       100%        7
 Infestation              Necr           2%         N/A       100%        8


Dungeon Overview and Level Annotations

Branches:
Dungeon (3/15)

Altars:
Nemelex Xobeh

Annotations:
D:3 Ijyb


Message History

You kill the rat!
You can't see any susceptible monsters within range! (Use Z to cast anyway.)
You can't see any susceptible monsters within range! (Use Z to cast anyway.)
You can't see any susceptible monsters within range! (Use Z to cast anyway.) Magic restored.
Ijyb the Twisted Goblin comes into view.
She is wielding a +4 club and carrying a wand of light (7).
The magic dart hits Ijyb but does no damage.
The magic dart hits Ijyb.
Ijyb is lightly wounded.
The magic dart hits Ijyb but does no damage.
Ijyb is lightly wounded.
The magic dart hits Ijyb.
Ijyb is moderately wounded.
Ijyb zaps a wand.
The bolt of light hits you!!
You are confused.
Ouch! That really hurt!
* * * LOW HITPOINT WARNING * * *
You are too injured to fight recklessly!
You are too injured to fight recklessly!
You are too injured to fight recklessly!
You are too injured to fight recklessly!
Unknown command.
You bump into the rock wall.
You feel less confused.
You barely miss Ijyb.
Ijyb is moderately wounded.
Ijyb hits you with a +4 club.
* * * LOW HITPOINT WARNING * * *
You are too injured to fight recklessly!
You are too injured to fight recklessly!
You are too injured to fight recklessly!
Casting: Magic Dart (safe; 1% risk of failure)
Confirm with . or Enter, or press ? or * to list all spells.
Aiming: Magic Dart (safe; 1% risk of failure)
Press: ? - help, Shift-Dir - straight line, f/p - Ijyb
Aim: Ijyb, wielding a +4 club, wearing a +0 scale mail and carrying a wand of light (6) (moderately wounded, 100% to hit)
The magic dart hits Ijyb.
Ijyb is moderately wounded.
Ijyb hits you with a +4 club.
You die...

.## . ....#######.#
#. ..#.......# #.
.......†. .. #.....
###. ####..#######.
#...##.....@g/.....
..#......#..#########
....>..#.#..#
##....<.#..#
##.....#..#
#.....#..#
....#####... ####
...#


You could see Ijyb.

Vanquished Creatures
  An adder (D:2)
  3 dart slugs
  A bat (D:1)
  3 endoplasms (D:1)
  A giant cockroach (D:1)
  6 goblins
  5 hobgoblins
  7 jackals (D:2)
  5 kobolds
  3 quokkas
  5 ball pythons
  3 frilled lizards
  6 rats
49 creatures vanquished.

Notes
Turn   | Place    | Note
-------+----------+-------------------------------------------
     0 | D:1      | warriortoast the Deep Elf Conjurer began the quest for the
                  | Orb.
     0 | D:1      | Reached XP level 1. HP: 10/10 MP: 6/6
   168 | D:1      | Reached XP level 2. HP: 15/15 MP: 5/8
   732 | D:1      | Reached skill level 5 in Conjurations
   732 | D:1      | Reached XP level 3. HP: 19/19 MP: 6/10
   736 | D:1      | Learned a level 3 spell: Dazzling Flash
  1056 | D:2      | Reached skill level 1 in Hexes
  1193 | D:2      | Found a sparkling altar of Nemelex Xobeh.
  1525 | D:2      | Reached XP level 4. HP: 24/24 MP: 9/12
  1679 | D:3      | Noticed Ijyb
  1687 | D:3      | HP: 1/24 [Ijyb/+4 club (5)]
  1688 | D:3      | Slain by Ijyb

Illustrated notes

Levels and vault maps discovered:
D:1:      dpeg_arrival_leaves_temple_mockup, layout_rooms,
          chequers_serial_rivers_micro_b, reono_crystal_passage,
          dk_noncrumbling_4
D:2:      layout_loops_ring, basic_altar
D:3:      layout_basic, nicolae_tso_swordbearing_angel,
          nicolae_qazlal_style_of_elements,
          shapermc_ecumenical_altar_mp_ritualfount, serial_bayou,
          serial_bayou_pond_b, serial_bayou_pond_a, serial_bayou_lagoon_b,
          serial_bayou_pond_b, uniq_natasha, uniq_ijyb

Skill      XL: |  1  2  3 |
---------------+----------+-----
Spellcasting   | 4 |  4.4
Conjurations   | 5 |  5.2
Hexes          | 1 |  1.5
Dodging        | |  2.4
Stealth        | |  2.4

Action                   |  1- 3 |  4- 6 || total
-------------------------+-------+-------++-------
Melee: Club              |     5 |       ||     5
       Unarmed           |     1 |       ||     1
       Dagger            |       |     1 ||     1
 Cast: Magic Dart        |    76 |     8 ||    84
Armor: Robe              |     6 |       ||     6
Dodge: Dodged            |    13 |       ||    13
